details: 'pow wow'

« prev index next »

General information

Mini Map

Players

team 1
OrcRandoms4s(ICEY) (teal | 155 APM | 483 actions | 03:06)
Hero icon 1 Blademaster
Ability icon 1 Wind Walk

» actions
Assign group hotkey3
Build / train11
Enter build submenu5
Enter hero's abilities submenu1
Right click64
Select / deselect35
Select group hotkey355
Use ability9
483 total
» units
Peon7
Grunt2
9 total
» buildings
Altar of Storms1
Orc Burrow2
Barracks1
Voodoo Lounge1
5 total
» build order
00:08 Altar of Storms
00:10 Orc Burrow
00:50 Barracks
01:34 Orc Burrow
01:59 Voodoo Lounge
Random» NightElfj0ecool4 (green | 31 APM | 96 actions | 03:06)
Hero icon 1 Keeper of the Grove
Ability icon 1 Force of Nature

» actions
Build / train15
Enter build submenu6
Enter hero's abilities submenu1
Right click30
Select / deselect37
Use ability7
96 total
» units
Wisp9
Archer4
13 total
» buildings
Ancient of War1
Moon Well2
Altar of Elders1
Hunter's Hall1
Ancient of Wonders1
6 total
» build order
00:09 Ancient of War
00:12 Moon Well
00:17 Altar of Elders
01:59 Moon Well
02:34 Hunter's Hall
02:40 Ancient of Wonders
Random» HumanMyxomatosis (blue | 23 APM | 72 actions | 03:06)
Hero icon 1 Mountain King
Ability icon 1 Storm Bolt

» actions
Build / train16
Enter build submenu7
Enter hero's abilities submenu1
Right click18
Select / deselect23
Use ability7
72 total
» units
Peasant8
Footman6
14 total
» buildings
Altar of Kings1
Farm4
Barracks1
Arcane Vault1
7 total
» build order
00:15 Altar of Kings
00:17 Farm
00:58 Barracks
01:29 Farm
01:52 Arcane Vault
02:08 Farm
02:20 Farm
Random» UndeadLA_SOLEDAD (purple | 22 APM | 69 actions | 03:06)
Hero icon 1 Death Knight
Ability icon 1 Death Coil

» actions
Build / train17
Enter build submenu5
Enter hero's abilities submenu1
Right click17
Select / deselect24
Use ability5
69 total
» units
Acolyte7
Ghoul8
15 total
» buildings
Crypt1
Ziggurat2
Altar of Darkness1
Graveyard1
5 total
» build order
00:11 Crypt
00:14 Ziggurat
00:34 Altar of Darkness
01:00 Graveyard
01:16 Ziggurat
team 2
NightElfRTBUDDY (pink | 24 APM | 56 actions | 02:21)

» actions
Build / train9
Enter build submenu4
Right click16
Select / deselect22
Use ability5
56 total
» units
Wisp8
8 total
» buildings
Altar of Elders1
Moon Well1
Hunter's Hall1
Ancient of War1
4 total
» build order
00:10 Altar of Elders
00:22 Moon Well
01:43 Hunter's Hall
01:54 Ancient of War
HumanPowWow (red | 51 APM | 160 actions | 03:06)
Hero icon 1 Keeper of the Grove
Ability icon 1 Entangling Roots

» actions
Assign group hotkey4
Build / train11
Enter build submenu2
Enter hero's abilities submenu1
Right click97
Select / deselect40
Select group hotkey2
Use ability3
160 total
» units
Peasant7
Wisp2
9 total
» upgrades
Strength of the Moon1
1 total
» buildings
Ancient of War1
Moon Well1
2 total
» build order
02:35 Ancient of War
02:39 Moon Well
HumanIt.Ends.Here (yellow | 20 APM | 57 actions | 02:53)
Hero icon 1 Archmage
Ability icon 1 Blizzard

» actions
Basic commands2
Build / train5
Enter build submenu2
Enter hero's abilities submenu2
Right click22
Select / deselect17
Use ability7
57 total
» units
Peasant3
3 total
» buildings
Altar of Kings1
Farm1
2 total
» build order
00:06 Altar of Kings
00:10 Farm
Random» OrcMountainKINGs (orange | 43 APM | 106 actions | 02:29)

» actions
Build / train10
Enter build submenu3
Right click56
Select / deselect34
Use ability3
106 total
» units
Peon10
10 total
» buildings
Altar of Storms1
Orc Burrow2
3 total
» build order
00:08 Altar of Storms
00:20 Orc Burrow
01:19 Orc Burrow

Chat log

(00:04 / All) Randoms4s(ICEY): gl hf
(00:14 / All) RTBUDDY: u2
(00:39 / Allies) RTBUDDY: great.
(01:14 / Allies) It.Ends.Here: perfect circle
(01:24 / Allies) It.Ends.Here: thats art
(01:25 / Allies) RTBUDDY: we can only hope they have someone equally as gay
(01:41 / Allies) It.Ends.Here: I gotta pla
(01:59 / Allies) MountainKINGs: guys ?? true
(02:07 / Allies) MountainKINGs: why you do this ?
(02:15 / Allies) It.Ends.Here: we are lost anyway
(02:17 / Allies) MountainKINGs: lost ur time for what ?
(02:17 / All) RTBUDDY: never have i had two equally retarded clowns on one team.
(02:18 / Allies) MountainKINGs: lol
(02:24 / Allies) MountainKINGs: please fellas
(02:24 / All) Randoms4s(ICEY): LOL
(02:28 / Allies) MountainKINGs: become a man
(02:42 / All) Randoms4s(ICEY): G
(02:43 / All) Randoms4s(ICEY): G
(02:48 / All) It.Ends.Here: gg pink and oj tk
(02:54 / All) Randoms4s(ICEY): GG|